 Dungeon Crawl Stone Soup version 0.31-a0-233-g139696dc86 (webtiles) character file.

Game seed: 14151505918786198687

146 qw the Shooter (level 5, -5/30 HPs)
             Began as a Gargoyle Hexslinger on July 9, 2023.
             Slain by Pargi (6 damage)
             ... in a sewer.
             The game lasted 00:00:52 (2213 turns).

qw the Shooter (Gargoyle Hexslinger)                Turns: 2213, Time: 00:00:52

Health: -5/30      AC: 11    Str: 12    XL:     5   Next: 28%
Magic:  6/6        EV: 11    Int: 13    God:
Gold:   177        SH:  5    Dex: 14    Spells: 5/6 levels left

rFire   . . .        Y - +1 sling
rCold   . . .        (no shield)
rNeg    + . .        j - +0 leather armour
rPois   inf          (no helmet)
rElec   +            d - +2 cloak
rCorr   .            (no gloves)
SInv    .            a - +0 pair of boots
Will    .....        i - amulet of reflection
Stlth   +            (no ring)
HPRegen 0.25/turn    (no ring)
MPRegen 0.10/turn

%: reflection
@: no status effects
A: sickness immunity, AC +4, negative energy resistance 1, electricity
resistance, torment resistance 1, petrification resistance
a: no special abilities


You were in a sewer.
You visited 1 branch of the dungeon, and saw 3 of its levels.
You also visited: Sewer.

You collected 177 gold pieces.


Innate Abilities, Weirdness & Mutations

You are immune to sickness and miasma.
Your stone body is resilient. (AC +4)
You are immune to poison.
You resist negative energy. (rN+)
You are resistant to electric shocks. (rElec)
You are resistant to unholy torment.
You are immune to petrification.


   Skills:
 + Level 2.1 Fighting
 - Level 5.0 Ranged Weapons
 - Level 1.5 Dodging
 - Level 1.0 Spellcasting
 - Level 2.6 Hexes


You had 5 spell levels left.
You knew the following spells:

 Your Spells              Type           Power      Damage    Failure   Level
a - Slow                  Hex            28%        N/A       12%         1

Your spell library contained the following spells:

 Spells                   Type           Power      Damage    Failure   Level
 Inner Flame              Hex/Fire       4%         N/A       52%         3
 Portal Projectile        Hex/Tloc       8%         N/A       52%         3
 Cause Fear               Hex            3%         N/A       75%         4

Inventory:

Hand Weapons
 Y - a +1 sling (weapon)
Armour
 a - a +0 pair of boots (worn)
 d - a +2 cloak (worn)
 j - a +0 leather armour (worn)
Jewellery
 i - an amulet of reflection (around neck)
Potions
 b - a potion of lignification {unknown}
 e - a potion of magic {unknown}
 k - a potion of might {unknown}
 l - a potion of curing
 m - a potion of mutation {unknown}

Dungeon Overview and Level Annotations

Branches:
Dungeon (3/15)              Sewer (1/1)

Altars:

Shops:
D:1 :

Annotations:
Sewer Pargi


Message History

Pargi bites you but does no damage. You block Pargi's attack.
Pargi barely misses you.
You shoot a sling bullet. The sling bullet closely misses Pargi.
Pargi barely misses you. x2; Pargi closely misses you.
You shoot a sling bullet. The sling bullet hits Pargi!
Pargi is heavily wounded.
Pargi bites you but does no damage. Pargi claws you.
Pargi claws you but does no damage.
You shoot a sling bullet. The sling bullet closely misses Pargi.
Pargi barely misses you. Pargi claws you but does no damage. x2
Pargi bites you! Pargi barely misses you. Pargi completely misses you.
You shoot a sling bullet. The sling bullet hits Pargi!
Pargi is heavily wounded.
Pargi bites you but does no damage. Pargi barely misses you.
Pargi claws you but does no damage.
You shoot a sling bullet. The sling bullet hits Pargi.
Pargi is severely wounded.
Pargi bites you but does no damage. Pargi claws you but does no damage.
You block Pargi's attack.
You shoot a sling bullet. The sling bullet barely misses Pargi.
Pargi bites you. Pargi completely misses you. Pargi closely misses you.
You shoot a sling bullet. The sling bullet hits Pargi.
Pargi is severely wounded.
Pargi bites you. Pargi claws you but does no damage. You block Pargi's attack.
Pargi barely misses you. Pargi claws you but does no damage. x2
You shoot a sling bullet. The sling bullet hits Pargi!
Pargi is almost dead.
Pargi hisses, "I bite!"
Pargi bites you. You block Pargi's attack. Pargi claws you but does no damage.
You shoot a sling bullet. The sling bullet closely misses Pargi.
Pargi bites you. You block Pargi's attack. Pargi claws you but does no damage.
You shoot a sling bullet. The sling bullet barely misses Pargi.
Pargi bites you but does no damage. Pargi claws you. Pargi barely misses you.
You shoot a sling bullet. The sling bullet closely misses Pargi.
Pargi bites you but does no damage. Pargi claws you but does no damage.
Pargi barely misses you. Pargi bites you.
Pargi claws you but does no damage. x2
You shoot a sling bullet. The sling bullet hits Pargi!
Pargi is almost dead.
Pargi bites you.
You die...

### #\# #.#
#+##+##+##.##+##+##+#
###...................##
~~#~~~~~~~~~.~~~~~~~~~#~
~~#~~~~~~~~~\~~~~~~~~~#~
~~#~~~~~~~~~.~~~~~~~~~#~
#....@..............#
#+##T##'##'##'##'##'# #.
#)##)##.##.##.# #)
#.##.##.##.##.# ##
###############


You could see Pargi.

Vanquished Creatures
  Jessica (D:2)
  Terence (D:2)
  An adder (D:3)
  A gnoll (D:1)
  2 river rats (D:3)
  A worm (D:2)
  3 dart slugs (D:1)
  4 ball pythons
  An endoplasm (D:2)
  4 giant cockroaches
  6 goblins
  3 hobgoblins
  6 jackals
  3 quokkas
  2 bats (D:1)
  4 frilled lizards
  4 kobolds
  2 rats
49 creatures vanquished.

Notes
Turn   | Place    | Note
-------+----------+-------------------------------------------
     0 | D:1      | qw the Gargoyle Hexslinger began the quest for the Orb.
     0 | D:1      | Reached XP level 1. HP: 12/12 MP: 2/2
     0 | D:1      | 0 ||| qw: Version: 0.3-a-51-g015441d
     0 | D:1      | 0 ||| qw: Game counter: 3976
     0 | D:1      | 0 ||| qw: Melee chars always use a shield: true
     0 | D:1      | 0 ||| qw: God list: Okawaru
     0 | D:1      | 0 ||| qw: Allow faded altars: false
     0 | D:1      | 0 ||| qw: Do Orc after clearing Dungeon:15 true
     0 | D:1      | 0 ||| qw: Do second Lair branch before Depths: true
     0 | D:1      | 0 ||| qw: Lair rune preference: random
     0 | D:1      | 0 ||| qw: Goals: Normal
     0 | D:1      | 0 ||| PLANNING D:1-11
   151 | D:1      | Reached XP level 2. HP: 16/16 MP: 3/3
   286 | D:1      | HP: 3/16 [goblin/+0 dagger (2)]
   422 | D:1      | Reached skill level 3 in Ranged Weapons
   562 | D:1      | Found Xigityam's Book Emporium.
   568 | D:1      | 568 ||| UPGRADING to +2 cloak.
   589 | D:1      | Reached XP level 3. HP: 20/20 MP: 4/4
   621 | D:1      | 621 ||| FLEEEEING.
   827 | D:1      | 827 ||| UPGRADING to amulet of regeneration.
   832 | D:1      | 832 ||| UPGRADING to amulet of reflection.
   842 | D:1      | 842 ||| DROPPING amulet of regeneration.
   843 | D:1      | 843 ||| READING scroll labelled OSAOCK ATIGRIM.
   844 | D:1      | 844 ||| READING scroll labelled NANEON YTSI.
   845 | D:1      | 845 ||| DROPPING scroll of poison.
  1029 | D:2      | Noticed Jessica
  1040 | D:2      | Killed Jessica
  1041 | D:2      | Reached skill level 4 in Ranged Weapons
  1041 | D:2      | Reached XP level 4. HP: 8/26 MP: 5/5
  1252 | D:2      | Noticed Terence
  1266 | D:2      | Killed Terence
  1550 | D:2      | 1550 ||| UPGRADING to +0 leather armour.
  1560 | D:2      | 1560 ||| DROPPING +0 robe.
  1561 | D:2      | 1561 ||| READING scroll labelled HIENIU TIFAN.
  1564 | D:2      | 1564 ||| READING scroll labelled ZEIBAE FA MOASH.
  1665 | D:2      | 1665 ||| READING scroll labelled VEN FUN UPLIN FAWK.
  1666 | D:2      | 1666 ||| READING scroll labelled DYMAFYMAQUM.
  1693 | D:3      | 1693 ||| PLANNING SEWER
  1850 | D:3      | Reached XP level 5. HP: 26/30 MP: 6/6
  2032 | D:3      | 2032 ||| Stepping ~*~*~tactically~*~*~ (water).
  2105 | D:3      | Reached skill level 5 in Ranged Weapons
  2138 | D:3      | Found a glowing drain.
  2151 | D:3      | 2151 ||| UPGRADING to +0 pair of boots.
  2156 | D:3      | 2156 ||| DRINKING 2 cyan potions.
  2162 | Sewer    | Entered a sewer
  2195 | Sewer    | Noticed Pargi
  2210 | Sewer    | HP: 4/30 [Pargi (6)]
  2211 | Sewer    | HP: 1/30 [Pargi (3)]
  2213 | Sewer    | Slain by Pargi

Levels and vault maps discovered:
D:1:      minmay_arrival_diagonal_passages, layout_loops_ring, serial_shops,
          nicolae_book_shop_shelving, minmay_pentomino_t4
D:2:      layout_loops_ring, serial_park_tiny_pond, uniq_terence, uniq_jessica
D:3:      layout_loops_corners, minitemple, gup_sewer_entry_bubbles,
          serial_forest, infiniplex_forest_split, infiniplex_forest_clump_small,
          infiniplex_forest_lined_4_way, infiniplex_forest_clump_medium,
          infiniplex_forest_end_2, infiniplex_forest_corner_2,
          infiniplex_forest_straight_2, infiniplex_forest_fountain,
          infiniplex_forest_clump_C, infiniplex_forest_clump_tiny, uniq_natasha
Sewer:    kennysheep_door_sewer

Skill      XL: |  1  2  3  4  5 |
---------------+----------------+-----
Ranged Weapons | 3 4 5 |  5.0
Fighting       | 2 |  2.1
Dodging        | |  1.5
Spellcasting   | |  1.0
Hexes          | |  2.6

Action                     |  1- 3 |  4- 6 || total
---------------------------+-------+-------++-------
   Fire: Sling             |    96 |   132 ||   228
    Use: Scroll            |     2 |     4 ||     6
         Potion            |       |     1 ||     1
 Armour: Robe              |    32 |     4 ||    36
         Leather armour    |       |    67 ||    67
  Dodge: Dodged            |    40 |    81 ||   121
  Block: Other             |     5 |    47 ||    52

Table legend:
 A = Non-vault XP
 B = Vault XP
 C = Vault XP percentage of total XP
 D = Non-vault monster count
 E = Vault monster count
 F = Vault count percentage of total count
                 A         B        C        D         E       F
            +---------+---------+-------+---------+---------+-------
      Total |      94 |     115 |  55.0 |      35 |      14 |  28.6
            +---------+---------+-------+---------+---------+-------
        D:1 |      41 |       7 |  14.6 |      15 |       4 |  21.1
        D:2 |      21 |      73 |  77.7 |      10 |       2 |  16.7
        D:3 |      32 |      33 |  50.8 |      10 |       6 |  37.5
      Sewer |       0 |       2 | 100.0 |       0 |       2 | 100.0
            +---------+---------+-------+---------+---------+-------
